 Dungeon Crawl Stone Soup version 0.23-a0-586-gacb4b3f (webtiles) character file.

81 KristoblXynda the Skirmisher (level 4, -3/48 HPs)
             Began as an Ogre Gladiator on Dec 19, 2018.
             Slain by a hippogriff (6 damage)
             ... on level 7 of the Dungeon.
             The game lasted 00:03:57 (2307 turns).

KristoblXynda the Skirmisher (Ogre Gladiator)       Turns: 2307, Time: 00:03:58

Health: -3/48      AC:  3    Str: 18    XL:     4   Next: 40%
Magic:  4/4        EV: 10    Int: 10    God:
Gold:   57         SH:  0    Dex: 10    Spells: 3/3 levels left

rFire    + . .     SeeInvis .   a - +0 flail
rCold    + . .     Gourm    .   (no shield)
rNeg     . . .     Faith    .   b - +0 robe
rPois    +         Spirit   .   c - +0 hat
rElec    +         Reflect  .   (no cloak)
rCorr    +         Harm     .   (gloves unavailable)
MR       .....                  (boots unavailable)
Stlth    +.........             (no amulet)
HPRegen  0.16/turn              (no ring)
MPRegen  0.09/turn              (no ring)

@: resistant
A: large, unfitting armour, tough skin 1
a: no special abilities


You were on level 7 of the Dungeon.
You were hungry.

You visited 1 branch of the dungeon, and saw 5 of its levels.

You collected 57 gold pieces.

Inventory:

Hand Weapons
 a - a +0 flail (weapon)
Missiles
 d - 3 throwing nets (quivered)
Armour
 b - a +0 robe (worn)
 c - a +0 hat (worn)
Scrolls
 e - 2 scrolls of teleportation
 i - a scroll of fog
 k - 2 scrolls of immolation
 n - 2 scrolls of remove curse {unknown}
Potions
 g - 2 potions of flight
 h - a potion of resistance
 j - 2 potions of brilliance
 l - a potion of ambrosia {unknown}
 m - a potion of curing {unknown}
Comestibles
 f - 5 rations


   Skills:
 + Level 3.8 Fighting
 * Level 3.8 Maces & Flails
 - Level 2.0 Throwing
 + Level 3.2 Dodging


You had 3 spell levels left.
You didn't know any spells.
Your spell library was empty.

Dungeon Overview and Level Annotations

Branches:
Dungeon (4/15)
 Temple: D:4-7

Altars:


Innate Abilities, Weirdness & Mutations

You are too large for most types of armour.
You have tough skin. (AC +1)


Message History

The hound is almost dead.
The hound misses you. The hound bites you.
You miss the hound.
The hound is almost dead.
The hound bites you. x2
It was a potion of resistance.
You feel protected. The hound closely misses you.
You barely miss the hound.
The hound is almost dead.
The hound bites you but does no damage. x2; The hippogriff bites you.
The hippogriff pecks you.
* * * LOW HITPOINT WARNING * * *
The hippogriff claws you.
* * * LOW HITPOINT WARNING * * *
It was a potion of magic.
Magic courses through your body. The hound bites you but does no damage.
The hippogriff bites you.
* * * LOW HITPOINT WARNING * * *
The hippogriff barely misses you. The hippogriff claws you.
You die...

... ....
.....
...#########
#.........#
#.........#
#.........#
+.........#
#.....@...#
#.....Hh..#
#.........#
....#+####...
.?... .....
..... ....
.... ... ...


You could see a hippogriff and a hound.

Vanquished Creatures
  3 adders
  An ooze (D:1)
  4 leopard geckos
  2 orcs (D:4)
  A giant cockroach (D:1)
  5 goblins
  4 hobgoblins
  3 jackals (D:1)
  5 kobolds
  9 bats
  A frilled lizard (D:1)
  7 rats
45 creatures vanquished.

Notes
Turn   | Place    | Note
-------+----------+-------------------------------------------
     0 | D:1      | KristoblXynda the Ogre Gladiator began the quest for the
                  | Orb.
     0 | D:1      | Reached XP level 1. HP: 22/22 MP: 1/1
    48 | D:1      | Reached XP level 2. HP: 28/29 MP: 2/2
   623 | D:1      | Reached XP level 3. HP: 15/37 MP: 3/3
  1848 | D:3      | Reached XP level 4. HP: 43/48 MP: 4/4
  2295 | D:4      | You fall through a shaft for 3 floors!
  2302 | D:7      | Noticed a hippogriff
  2307 | D:7      | Slain by a hippogriff

Vault maps used:
D:1:      mrwooster_arrival_statue_3, minmay_close_crescents
D:2:      first_ration
D:3:      corexii_hall_statues_l, uniq_terence
D:4:      minitemple

Skill      XL: |  1  2  3 |
---------------+----------+-----
Fighting       | 3 |  3.8
Maces & Flails | 3 |  3.8
Dodging        | 3 |  3.2
Throwing       | |  2.0

Action                   |  1- 3 |  4- 6 || total
-------------------------+-------+-------++-------
Melee: Flail             |   138 |    22 ||   160
  Use: Scroll            |       |     5 ||     5
       Potion            |       |     3 ||     3
 Stab: Sleeping          |     1 |       ||     1
  Eat: Chunk             |     2 |     2 ||     4
Armor: Robe              |    60 |    16 ||    76
Dodge: Dodged            |    94 |    25 ||   119

Table legend:
 A = Non-vault XP
 B = Vault XP
 C = Vault XP percentage of total XP
 D = Non-vault monster count
 E = Vault monster count
 F = Vault count percentage of total count
                 A         B        C        D         E       F
            +---------+---------+-------+---------+---------+-------
      Total |     110 |       6 |   5.2 |      41 |       4 |   8.9
            +---------+---------+-------+---------+---------+-------
        D:1 |      43 |       6 |  12.2 |      22 |       4 |  15.4
        D:2 |      19 |       0 |   0.0 |      13 |       0 |   0.0
        D:3 |      28 |       0 |   0.0 |       3 |       0 |   0.0
        D:4 |      20 |       0 |   0.0 |       3 |       0 |   0.0
            +---------+---------+-------+---------+---------+-------
